Wolfes vs Sasquatch
(R2)
Created - May 26, 2020 at 19:10
Goals
|
| Wolfes |
1 |
1 |
1 |
3 |
| Sasquatch |
1 |
0 |
0 |
1 |
|
Shots
|
| Wolfes |
14 |
13 |
9 |
36 |
| Sasquatch |
11 |
8 |
5 |
24 |
|
1st period
1. Wolfes , Vladimir Zharkov 5 (Blake Pietila 6, Martin Hanzal 10) at 11:57
2. Sasquatch , Jimmy Vesey 3 (Matt Halischuk 5, Devin Shore 5) at 13:59
Penalties :
Anton Lindholm (RIM) for Goalie Interference (Minor) at 9:08, Brett Pesce (Gat) for Holding (Minor) at 14:21, Nicolas Deschamps (RIM) for High sticking (Minor) at 18:55
2nd period
3. Wolfes , Kyle Rau 2 (Benn Ferriero 2, Zachary Sanford 2) at 1:05
Penalties :
Brett Pesce (Gat) for Hooking (Minor) at 6:36, Martin Hanzal (RIM) for Interference (Minor) at 10:02, Dylan Sikura (Gat) for Holding (Minor) at 19:33
3rd period
4. Wolfes , Martin Hanzal 6 (Joe Morrow 1) at 17:31
Penalties :
Matt Halischuk (Gat) for Roughing (Minor) at 1:59, Jeffrey Foss (RIM) for Hooking (Minor) at 4:32, Nikita Nesterov (Gat) for Hooking (Minor) at 9:15, Jeffrey Foss (RIM) for High sticking (Minor) at 18:52
Goalie Stats
Laurent Brossoit (RIM), 23 saves from 24 shots - (0.958), W, 4-2-0, 60:00 minutes
Corey Crawford (Gat), 33 saves from 36 shots - (0.917), L, 0-2-0, 60:00 minutes
Players Stats for Wolfes
Player Name G A P +/- PIM S H SB GA TA FO MP PP MP PK MP
------------------------------------------------------------------------------------
Alexandre Grenier 0 0 0 0 0 1 1 1 2 0 1/3 15:05 5:03 2:01
Anton Karlsson 0 0 0 0 0 0 1 2 0 0 0/0 7:51 0:00 0:00
Anton Lindholm 0 0 0 1 2 1 2 4 0 2 0/0 18:04 2:10 1:23
Benn Ferriero 0 1 1 1 0 3 1 0 2 0 0/0 12:34 0:04 0:00
Blake Pietila 0 1 1 1 0 2 3 0 0 0 1/1 17:41 5:03 2:01
Chris Tierney 0 0 0 0 0 6 1 0 0 0 6/13 16:12 4:48 1:22
Jamie Oleksiak 0 0 0 1 0 3 4 1 0 0 0/0 26:19 7:45 3:45
Jeffrey Foss 0 0 0 0 4 0 3 1 0 1 0/0 22:08 5:55 3:32
Joe Morrow 0 1 1 1 0 0 0 2 0 1 0/0 13:37 0:00 0:00
Kyle Rau 1 0 1 1 0 1 1 0 1 0 2/8 13:02 0:00 1:48
Martin Hanzal 1 1 2 1 2 4 3 2 2 0 14/27 19:12 5:03 3:52
Michael Stone 0 0 0 1 0 0 1 0 0 0 0/0 20:19 4:00 4:06
Nicolas Deschamps 0 0 0 0 2 1 0 0 0 1 3/7 9:11 0:04 0:00
Sergei Plotnikov 0 0 0 0 0 3 2 1 0 0 0/0 16:49 4:48 1:58
Victor Olofsson 0 0 0 0 0 1 0 1 0 0 0/0 11:31 0:04 0:00
Vladimir Zharkov 1 0 1 1 0 3 2 0 0 0 0/0 19:59 4:48 4:51
Wes O'Neill 0 0 0 0 0 1 0 2 0 3 0/0 19:52 0:00 5:20
Zachary Sanford 0 1 1 1 0 6 1 1 0 0 0/0 11:26 0:00 0:13
Players Stats for Sasquatch
Player Name G A P +/- PIM S H SB GA TA FO MP PP MP PK MP
------------------------------------------------------------------------------------
Brett Pesce 0 0 0 -1 4 3 0 1 0 0 0/0 18:19 2:51 0:41
Brock Trotter 0 0 0 0 0 3 1 0 0 0 0/0 7:27 0:00 1:16
Devin Shore 0 1 1 -1 0 3 1 0 0 0 14/24 17:28 5:13 0:39
Dmitri Orlov 0 0 0 -2 0 0 0 4 0 0 0/0 14:20 2:51 0:09
Dylan Sikura 0 0 0 0 2 0 0 0 0 0 0/0 9:00 0:00 2:03
Hudson Fasching 0 0 0 0 0 0 1 0 0 0 0/0 10:15 0:02 0:00
Ian Cole 0 0 0 0 0 1 3 1 1 3 0/0 29:38 6:12 6:15
Jimmy Vesey 1 0 1 -1 0 5 2 1 2 0 0/0 16:47 5:13 0:00
Jujhar Khaira 0 0 0 -1 0 0 1 0 0 0 0/1 18:13 3:29 2:35
Martin Frk 0 0 0 -1 0 0 2 0 1 0 0/0 14:35 3:48 0:00
Martin Marincin 0 0 0 0 0 0 0 0 0 1 0/0 16:39 0:00 3:40
Matt Halischuk 0 1 1 -1 2 3 2 1 3 1 3/3 19:53 4:52 1:57
Nikita Nesterov 0 0 0 -1 2 0 1 1 0 1 0/0 13:39 0:00 2:50
Patrick Wey 0 0 0 0 0 2 1 0 0 0 0/0 29:38 6:12 6:15
Quinton Howden 0 0 0 0 0 0 3 0 1 0 4/8 10:33 0:20 0:00
Sergey Kalinin 0 0 0 -1 0 1 4 1 0 0 7/15 18:26 0:24 5:33
T.J. Tynan 0 0 0 0 0 0 1 0 0 1 2/6 9:28 3:48 0:00
Teemu Hartikainen 0 0 0 0 0 3 1 0 0 0 2/2 15:42 0:00 5:47
3 Stars
1 - Martin Hanzal (RIM)
2 - Vladimir Zharkov (RIM)
3 - Laurent Brossoit (RIM)
Power Play
Wolfes - 0 on 5 Attempt(s) - 0.00%
Sasquatch - 0 on 5 Attempt(s) - 0.00%
Penalty Kill
Wolfes - 5 on 5 Attempt(s) - 100.00%
- Score 0 goal in Penalty Kill
Sasquatch - 5 on 5 Attempt(s) - 100.00%
- Score 0 goal in Penalty Kill
Team Stat
Wolfes - Hits : 26 - Faceoff Wins : 27 - Blocked Shots : 18 - Penalty Minutes : 10
Sasquatch - Hits : 24 - Faceoff Wins : 32 - Blocked Shots : 10 - Penalty Minutes : 10
Official
Referees : Unknown
Linesman : Unknown
Game Notes
No Game Note
Finance
Level 1 -- Attendance: 1925 (96.25%) -- Ticket Income $77,000
Level 2 -- Attendance: 899 (89.90%) -- Ticket Income $17,980
Total Attendance: 2824 (94.13%)
Total Ticket Income: $94,980
Other Income: $4,749
Total Income: $99,729
Wolfes
5 vs 5 Forward
Center Left Wing Right Wing Time % Phy DF OF
1 Martin Hanzal Blake Pietila Vladimir Zharkov 30 1 2 2
2 Chris Tierney Sergei Plotnikov Victor Olofsson 30 1 2 2
3 Nicolas Deschamps Anton Karlsson Alexandre Grenier 20 1 2 2
4 Kyle Rau Zachary Sanford Benn Ferriero 20 1 2 2
5 vs 5 Defense
Defense Defense Time % Phy DF OF
1 Wes O'Neill Jamie Oleksiak 40 1 2 2
2 Michael Stone Jeffrey Foss 30 1 2 2
3 Anton Lindholm Joe Morrow 30 1 2 2
4 Wes O'Neill Jeffrey Foss 0 1 2 2
PowerPlay Forward
Center Left Wing Right Wing Time % Phy DF OF
1 Martin Hanzal Blake Pietila Alexandre Grenier 50 1 2 2
2 Chris Tierney Sergei Plotnikov Vladimir Zharkov 50 1 2 2
PowerPlay Defense
Defense Defense Time % Phy DF OF
1 Jamie Oleksiak Jeffrey Foss 60 1 2 2
2 Michael Stone Jamie Oleksiak 40 1 2 2
Penalty Kill 4 Players Forward
Center Wing Time % Phy DF OF
1 Martin Hanzal Vladimir Zharkov 60 1 2 2
2 Alexandre Grenier Blake Pietila 40 1 2 2
Penalty Kill 4 Players Defense
Defense Defense Time % Phy DF OF
1 Wes O'Neill Jeffrey Foss 60 1 2 2
2 Michael Stone Jamie Oleksiak 40 1 2 2
Penalty Kill - 3 Players Forward
Forward Time % Phy DF OF
1 Martin Hanzal 60 1 2 2
2 Vladimir Zharkov 40 1 2 2
Penalty Kill - 3 Players Defense
Defense Defense Time % Phy DF OF
1 Wes O'Neill Jeffrey Foss 60 1 2 2
2 Michael Stone Jamie Oleksiak 40 1 2 2
4 vs 4 Forward
Center Wing Time % Phy DF OF
1 Martin Hanzal Vladimir Zharkov 60 1 2 2
2 Alexandre Grenier Sergei Plotnikov 40 1 2 2
4 vs 4 Defense
Defense Defense Time % Phy DF OF
1 Wes O'Neill Jeffrey Foss 60 1 2 2
2 Joe Morrow Jamie Oleksiak 40 1 2 2
Last Minutes Offensive
Center Left Wing Right Wing Defense Defense
Martin Hanzal Blake Pietila Vladimir Zharkov Wes O'Neill Jeffrey Foss
Last Minutes Defensive
Center Left Wing Right Wing Defense Defense
Chris Tierney Sergei Plotnikov Alexandre Grenier Wes O'Neill Jeffrey Foss
Goaltenders
Starting : Laurent Brossoit
Backup : Jeremy Smith
Extra Forwards
Normal : Nicolas Deschamps, Victor Olofsson, Kyle Rau - PP : Nicolas Deschamps, Victor Olofsson - PK : Kyle Rau
Extra Defensemen
Normal : Anton Lindholm, Jeffrey Foss, Michael Stone - PP : Anton Lindholm - PK : Anton Lindholm, Michael Stone
Penalty Shots
Martin Hanzal, Vladimir Zharkov, Alexandre Grenier, Blake Pietila, Chris Tierney
Scratches
Scott Timmins (Healthy), Christophe Lalancette (Healthy), Klas Dahlbeck (Healthy), Matt Grzelcyk (Healthy), Remi Elie (Healthy)
Jyrki Jokipakka (Healthy), Thomas Spelling (Healthy), Angelo Esposito (Healthy), Pavel Kraskovsky (Healthy), Louis Belpedio (Healthy)
Jacob Lagacé (Healthy), Cameron Darcy (Healthy), Joonas Lyytinen (Healthy), Fredrik Olofsson (Healthy), Nolan Vesey (Healthy)
Vaclav Karabacek (Healthy), Kyle Pettit (Healthy), Dylan Sadowy (Healthy), Ebbe Siönäs (Healthy), Sami Aittokallio (Healthy)
Sasquatch
5 vs 5 Forward
Center Left Wing Right Wing Time % Phy DF OF
1 Devin Shore Jimmy Vesey Matt Halischuk 40 1 2 2
2 Sergey Kalinin Jujhar Khaira Martin Frk 30 1 2 2
3 Quinton Howden Teemu Hartikainen Hudson Fasching 20 1 2 2
4 T.J. Tynan Brock Trotter Dylan Sikura 10 1 2 2
5 vs 5 Defense
Defense Defense Time % Phy DF OF
1 Ian Cole Patrick Wey 40 1 2 2
2 Brett Pesce Martin Marincin 30 1 2 2
3 Dmitri Orlov Nikita Nesterov 20 1 2 2
4 Ian Cole Patrick Wey 10 1 2 2
PowerPlay Forward
Center Left Wing Right Wing Time % Phy DF OF
1 Devin Shore Jimmy Vesey Matt Halischuk 60 1 2 2
2 T.J. Tynan Jujhar Khaira Martin Frk 40 1 2 2
PowerPlay Defense
Defense Defense Time % Phy DF OF
1 Ian Cole Patrick Wey 60 1 2 2
2 Dmitri Orlov Brett Pesce 40 1 2 2
Penalty Kill 4 Players Forward
Center Wing Time % Phy DF OF
1 Sergey Kalinin Teemu Hartikainen 60 1 2 2
2 Matt Halischuk Jujhar Khaira 40 1 2 2
Penalty Kill 4 Players Defense
Defense Defense Time % Phy DF OF
1 Patrick Wey Ian Cole 60 1 2 2
2 Nikita Nesterov Martin Marincin 40 1 2 2
Penalty Kill - 3 Players Forward
Forward Time % Phy DF OF
1 Brock Trotter 60 1 2 2
2 Quinton Howden 40 1 2 2
Penalty Kill - 3 Players Defense
Defense Defense Time % Phy DF OF
1 Martin Marincin Ian Cole 60 1 2 2
2 Patrick Wey Nikita Nesterov 40 1 2 2
4 vs 4 Forward
Center Wing Time % Phy DF OF
1 Quinton Howden Matt Halischuk 60 1 2 2
2 Sergey Kalinin Jujhar Khaira 40 1 2 2
4 vs 4 Defense
Defense Defense Time % Phy DF OF
1 Ian Cole Martin Marincin 60 1 2 2
2 Patrick Wey Brett Pesce 40 1 2 2
Last Minutes Offensive
Center Left Wing Right Wing Defense Defense
Devin Shore Jimmy Vesey Matt Halischuk Ian Cole Patrick Wey
Last Minutes Defensive
Center Left Wing Right Wing Defense Defense
Sergey Kalinin Jujhar Khaira Matt Halischuk Nikita Nesterov Martin Marincin
Goaltenders
Starting : Corey Crawford
Backup : Joonas Korpisalo
Extra Forwards
Normal : T.J. Tynan, Devin Shore, Martin Frk - PP : Sergey Kalinin, Quinton Howden - PK : Dylan Sikura
Extra Defensemen
Normal : Martin Marincin, Brett Pesce, Ian Cole - PP : Nikita Nesterov - PK : Brett Pesce, Dmitri Orlov
Penalty Shots
Devin Shore, Matt Halischuk, Dylan Sikura, Brock Trotter, Jimmy Vesey
Scratches
Petr Straka (Left Hand Injury), Garret Ross (Healthy), Mirco Mueller (Left Knee Injury), Christoffer Ehn (Healthy), Alex Lintuniemi (Healthy)
Cal Petersen (Healthy)
% Time on Ice - Wolfes
Lines # - Real PCT - Wanted PCT - Time Play
Normal Forward
1 - 25% - 30% - 10:18
2 - 28% - 30% - 11:40
3 - 19% - 20% - 7:51
4 - 27% - 20% - 11:13
Normal Defense
1 - 35% - 40% - 14:25
2 - 29% - 30% - 11:58
3 - 33% - 30% - 13:37
4 - 3% - 0% - 1:02
PP Forward
1 - 51% - 50% - 5:03
2 - 49% - 50% - 4:52
PP Defense
1 - 60% - 60% - 5:55
2 - 40% - 40% - 4:00
PK Forward
1 - 78% - 60% - 7:02
2 - 22% - 40% - 2:01
PK Defense
1 - 61% - 60% - 5:32
2 - 39% - 40% - 3:31
PK3 Forward
1 - 0% - 60%
2 - 0% - 40%
PK3 Defense
1 - 0% - 60%
2 - 0% - 40%
44 Forward
1 - 0% - 60%
2 - 0% - 40%
44 Defense
1 - 0% - 60%
2 - 0% - 40%
Last Minute Offensive - 0:00
Last Minute Defensive - 0:00
Total
Forward - 60:00
Defense - 60:00
|
% Time on Ice - Sasquatch
Lines # - Real PCT - Wanted PCT - Time Play
Normal Forward
1 - 31% - 40% - 12:42
2 - 30% - 30% - 12:16
3 - 24% - 20% - 9:55
4 - 15% - 10% - 6:09
Normal Defense
1 - 39% - 40% - 15:51
2 - 34% - 30% - 13:51
3 - 24% - 20% - 10:00
4 - 3% - 10% - 1:20
PP Forward
1 - 58% - 60% - 5:15
2 - 42% - 40% - 3:48
PP Defense
1 - 69% - 60% - 6:12
2 - 31% - 40% - 2:51
PK Forward
1 - 74% - 60% - 7:20
2 - 26% - 40% - 2:35
PK Defense
1 - 63% - 60% - 6:15
2 - 37% - 40% - 3:40
PK3 Forward
1 - 0% - 60%
2 - 0% - 40%
PK3 Defense
1 - 0% - 60%
2 - 0% - 40%
44 Forward
1 - 0% - 60%
2 - 0% - 40%
44 Defense
1 - 0% - 60%
2 - 0% - 40%
Last Minute Offensive - 0:00
Last Minute Defensive - 0:00
Total
Forward - 60:00
Defense - 60:00
|
Play-by-Play
1st period
0:01 of 1st period - Martin Hanzal wins face-off versus Devin Shore in neutral zone.
0:09 of 1st period - Icing by Matt Halischuk.
0:10 of 1st period - Matt Halischuk wins face-off versus Martin Hanzal in Sasquatch zone.
0:15 of 1st period - Slapshot by Martin Hanzal.
0:15 of 1st period - Shot Misses the Net.
0:23 of 1st period - Snap shot by Devin Shore.
0:23 of 1st period - Shot Misses the Net.
0:25 of 1st period - Slapshot by Patrick Wey.
0:25 of 1st period - Stopped by Laurent Brossoit with a rebound.
0:27 of 1st period - Slapshot by Ian Cole.
0:27 of 1st period - Shot Blocked by Jamie Oleksiak.
0:29 of 1st period - Slapshot by Patrick Wey.
0:29 of 1st period - Stopped by Laurent Brossoit with a rebound.
0:31 of 1st period - Wrist shot by Jimmy Vesey.
0:31 of 1st period - Stopped by Laurent Brossoit without a rebound.
0:32 of 1st period - Chris Tierney wins face-off versus Sergey Kalinin in Wolfes zone.
0:32 of 1st period - Chris Tierney is hit by Sergey Kalinin.
1:07 of 1st period - Snap shot by Alexandre Grenier.
1:07 of 1st period - Stopped by Corey Crawford with a rebound.
1:15 of 1st period - Icing by Joe Morrow.
1:16 of 1st period - Nicolas Deschamps wins face-off versus T.J. Tynan in Wolfes zone.
1:25 of 1st period - Snap shot by Nicolas Deschamps.
1:25 of 1st period - Stopped by Corey Crawford with a rebound.
1:41 of 1st period - Kyle Rau is hit by Sergey Kalinin and loses puck.
2:14 of 1st period - Snap shot by Chris Tierney.
2:14 of 1st period - Stopped by Corey Crawford with a rebound.
2:24 of 1st period - Michael Stone is hit by Patrick Wey and loses puck.
3:09 of 1st period - Slapshot by Sergey Kalinin.
3:09 of 1st period - Deflect By Martin Frk.
3:09 of 1st period - Shot Misses the Net.
3:09 of 1st period - Puck is out of play.
3:10 of 1st period - Devin Shore wins face-off versus Chris Tierney in Wolfes zone.
3:35 of 1st period - Sergey Kalinin is hit by Blake Pietila and loses puck.
3:42 of 1st period - Snap shot by Martin Hanzal.
3:42 of 1st period - Shot Misses the Net.
4:01 of 1st period - Snap shot by Kyle Rau.
4:01 of 1st period - Shot Misses the Net.
4:03 of 1st period - Slapshot by Jeffrey Foss.
4:03 of 1st period - Shot Blocked by Dmitri Orlov.
4:05 of 1st period - Wrist shot by Zachary Sanford.
4:05 of 1st period - Shot Blocked by Dmitri Orlov.
4:26 of 1st period - Wrist shot by Brock Trotter.
4:26 of 1st period - Stopped by Laurent Brossoit with a rebound.
4:38 of 1st period - Snap shot by Victor Olofsson.
4:38 of 1st period - Shot Misses the Net.
4:40 of 1st period - Snap shot by Sergei Plotnikov.
4:40 of 1st period - Stopped by Corey Crawford without a rebound.
4:41 of 1st period - Devin Shore wins face-off versus Chris Tierney in Sasquatch zone.
4:51 of 1st period - Wrist shot by Matt Halischuk.
4:51 of 1st period - Shot Misses the Net.
5:07 of 1st period - Jimmy Vesey is hit by Jamie Oleksiak and loses puck.
6:00 of 1st period - Snap shot by Jimmy Vesey.
6:00 of 1st period - Deflect By Matt Halischuk.
6:00 of 1st period - Stopped by Laurent Brossoit without a rebound.
6:01 of 1st period - Martin Hanzal wins face-off versus Sergey Kalinin in Wolfes zone.
6:55 of 1st period - Backhand shot by Hudson Fasching.
6:55 of 1st period - Shot Misses the Net.
8:03 of 1st period - Anton Lindholm is hit by Nikita Nesterov and loses puck.
8:11 of 1st period - Icing by Anton Lindholm.
8:12 of 1st period - Devin Shore wins face-off versus Martin Hanzal in Wolfes zone.
8:51 of 1st period - Snap shot by Victor Olofsson.
8:51 of 1st period - Stopped by Corey Crawford with a rebound.
9:08 of 1st period - Minor Penalty to Anton Lindholm for Goalie Interference.
9:09 of 1st period - Martin Hanzal wins face-off versus Devin Shore in Wolfes zone.
9:44 of 1st period - Wes O'Neill is hit by Matt Halischuk and loses puck.
9:59 of 1st period - Slapshot by Matt Halischuk.
9:59 of 1st period - Stopped by Laurent Brossoit with a rebound.
10:01 of 1st period - Slapshot by Patrick Wey.
10:01 of 1st period - Shot Blocked by Martin Hanzal.
10:03 of 1st period - Snap shot by Ian Cole.
10:03 of 1st period - Stopped by Laurent Brossoit without a rebound.
10:04 of 1st period - T.J. Tynan wins face-off versus Alexandre Grenier in Wolfes zone.
11:08 of 1st period - Penalty to Anton Lindholm is over, Anton Lindholm is back on ice.
11:35 of 1st period - Icing by Sergey Kalinin.
11:36 of 1st period - Sergey Kalinin wins face-off versus Chris Tierney in Sasquatch zone.
11:41 of 1st period - Snap shot by Sergei Plotnikov.
11:41 of 1st period - Stopped by Corey Crawford without a rebound.
11:42 of 1st period - Martin Hanzal wins face-off versus Devin Shore in Sasquatch zone.
11:43 of 1st period - Snap shot by Vladimir Zharkov.
11:43 of 1st period - Stopped by Corey Crawford with a rebound.
11:45 of 1st period - Wrist shot by Vladimir Zharkov.
11:45 of 1st period - Shot Misses the Net.
11:47 of 1st period - Snap shot by Blake Pietila.
11:47 of 1st period - Shot Misses the Net.
11:49 of 1st period - Slapshot by Anton Lindholm.
11:49 of 1st period - Deflect By Vladimir Zharkov.
11:49 of 1st period - Stopped by Corey Crawford with a rebound.
11:57 of 1st period - Snap shot by Vladimir Zharkov.
11:57 of 1st period - Goal by Vladimir Zharkov - Wolfes : 1 - Sasquatch : 0.
11:58 of 1st period - Martin Hanzal wins face-off versus Jujhar Khaira in neutral zone.
12:23 of 1st period - Patrick Wey is hit by Sergei Plotnikov and loses puck.
12:48 of 1st period - Patrick Wey is hit by Sergei Plotnikov and loses puck.
13:11 of 1st period - Slapshot by Chris Tierney.
13:11 of 1st period - Shot Misses the Net.
13:13 of 1st period - Backhand shot by Chris Tierney.
13:13 of 1st period - Shot Misses the Net.
13:15 of 1st period - Snap shot by Sergei Plotnikov.
13:15 of 1st period - Stopped by Corey Crawford with a rebound.
13:17 of 1st period - Slapshot by Michael Stone.
13:17 of 1st period - Shot Misses the Net.
13:31 of 1st period - Chris Tierney is hit by Ian Cole and loses puck.
13:47 of 1st period - Off-side.
13:48 of 1st period - Devin Shore wins face-off versus Martin Hanzal in neutral zone.
13:57 of 1st period - Snap shot by Matt Halischuk.
13:57 of 1st period - Shot Misses the Net.
13:59 of 1st period - Slapshot by Jimmy Vesey.
13:59 of 1st period - Goal by Jimmy Vesey - Wolfes : 1 - Sasquatch : 1.
14:00 of 1st period - Devin Shore wins face-off versus Martin Hanzal in neutral zone.
14:21 of 1st period - Minor Penalty to Brett Pesce for Holding.
14:22 of 1st period - Teemu Hartikainen wins face-off versus Martin Hanzal in Sasquatch zone.
15:07 of 1st period - Martin Marincin is hit by Michael Stone and loses puck.
15:15 of 1st period - Icing by Michael Stone.
15:16 of 1st period - Matt Halischuk wins face-off versus Martin Hanzal in Wolfes zone.
15:33 of 1st period - Snap shot by Blake Pietila.
15:33 of 1st period - Shot Blocked by Sergey Kalinin.
16:01 of 1st period - Snap shot by Vladimir Zharkov.
16:01 of 1st period - Shot Misses the Net.
16:05 of 1st period - Slapshot by Vladimir Zharkov.
16:05 of 1st period - Shot Misses the Net.
16:07 of 1st period - Slapshot by Jamie Oleksiak.
16:07 of 1st period - Stopped by Corey Crawford without a rebound.
16:08 of 1st period - Sergey Kalinin wins face-off versus Chris Tierney in Sasquatch zone.
16:08 of 1st period - Sergey Kalinin is hit by Vladimir Zharkov.
16:20 of 1st period - Jujhar Khaira is hit by Jeffrey Foss and loses puck.
16:21 of 1st period - Penalty to Brett Pesce is over, Brett Pesce is back on ice.
16:59 of 1st period - Wrist shot by Devin Shore.
16:59 of 1st period - Stopped by Laurent Brossoit with a rebound.
17:01 of 1st period - Slapshot by Ian Cole.
17:01 of 1st period - Shot Blocked by Joe Morrow.
17:03 of 1st period - Wrist shot by Jimmy Vesey.
17:03 of 1st period - Stopped by Laurent Brossoit without a rebound.
17:04 of 1st period - Quinton Howden wins face-off versus Martin Hanzal in Wolfes zone.
17:05 of 1st period - Slapshot by Teemu Hartikainen.
17:05 of 1st period - Stopped by Laurent Brossoit with a rebound.
17:19 of 1st period - Snap shot by Quinton Howden.
17:19 of 1st period - Shot Blocked by Anton Lindholm.
17:34 of 1st period - Martin Marincin is hit by Martin Hanzal and loses puck.
17:47 of 1st period - Jamie Oleksiak is hit by Jujhar Khaira and loses puck.
18:30 of 1st period - Wrist shot by Martin Hanzal.
18:30 of 1st period - Stopped by Corey Crawford with a rebound.
18:32 of 1st period - Snap shot by Jamie Oleksiak.
18:32 of 1st period - Shot Misses the Net.
18:40 of 1st period - Slapshot by Blake Pietila.
18:40 of 1st period - Shot Misses the Net.
18:42 of 1st period - Slapshot by Blake Pietila.
18:42 of 1st period - Stopped by Corey Crawford with a rebound.
18:44 of 1st period - Snap shot by Blake Pietila.
18:44 of 1st period - Stopped by Corey Crawford without a rebound.
18:45 of 1st period - Devin Shore wins face-off versus Nicolas Deschamps in Sasquatch zone.
18:55 of 1st period - Minor Penalty to Nicolas Deschamps for High sticking.
18:56 of 1st period - Kyle Rau wins face-off versus Devin Shore in Wolfes zone.
18:56 of 1st period - Kyle Rau is hit by Ian Cole.
Goals for this period are 1 for Wolfes vs 1 for Sasquatch.
Shots for this period are 14 for Wolfes vs 11 for Sasquatch.
2nd period
0:01 of 2nd period - Martin Hanzal wins face-off versus Devin Shore in neutral zone.
0:28 of 2nd period - Slapshot by Jimmy Vesey.
0:28 of 2nd period - Deflect By Matt Halischuk.
0:28 of 2nd period - Shot Misses the Net.
0:28 of 2nd period - Puck is out of play.
0:29 of 2nd period - Alexandre Grenier wins face-off versus T.J. Tynan in Wolfes zone.
0:46 of 2nd period - Vladimir Zharkov is hit by Martin Frk and loses puck.
0:55 of 2nd period - Penalty to Nicolas Deschamps is over, Nicolas Deschamps is back on ice.
1:01 of 2nd period - Slapshot by Zachary Sanford.
1:01 of 2nd period - Shot Misses the Net.
1:03 of 2nd period - Slapshot by Benn Ferriero.
1:03 of 2nd period - Shot Blocked by Dmitri Orlov.
1:05 of 2nd period - Wrist shot by Kyle Rau.
1:05 of 2nd period - Goal by Kyle Rau - Wolfes : 2 - Sasquatch : 1.
1:06 of 2nd period - Nicolas Deschamps wins face-off versus Devin Shore in neutral zone.
1:40 of 2nd period - Slapshot by Benn Ferriero.
1:40 of 2nd period - Shot Misses the Net.
2:07 of 2nd period - Icing by Jujhar Khaira.
2:08 of 2nd period - Martin Hanzal wins face-off versus T.J. Tynan in Sasquatch zone.
2:33 of 2nd period - Wrist shot by Zachary Sanford.
2:33 of 2nd period - Stopped by Corey Crawford with a rebound.
2:35 of 2nd period - Wrist shot by Zachary Sanford.
2:35 of 2nd period - Stopped by Corey Crawford with a rebound.
2:48 of 2nd period - Off-side.
2:49 of 2nd period - Devin Shore wins face-off versus Nicolas Deschamps in neutral zone.
3:22 of 2nd period - Wrist shot by Quinton Howden.
3:22 of 2nd period - Shot Blocked by Sergei Plotnikov.
3:24 of 2nd period - Snap shot by Teemu Hartikainen.
3:24 of 2nd period - Shot Misses the Net.
3:40 of 2nd period - Wrist shot by Sergey Kalinin.
3:40 of 2nd period - Deflect By Jujhar Khaira.
3:40 of 2nd period - Shot Blocked by Jeffrey Foss.
3:40 of 2nd period - Puck is out of play.
3:41 of 2nd period - Martin Hanzal wins face-off versus Devin Shore in Wolfes zone.
3:56 of 2nd period - Wrist shot by Devin Shore.
3:56 of 2nd period - Deflect By Jimmy Vesey.
3:56 of 2nd period - Stopped by Laurent Brossoit with a rebound.
4:10 of 2nd period - Wrist shot by Jamie Oleksiak.
4:10 of 2nd period - Stopped by Corey Crawford without a rebound.
4:11 of 2nd period - Chris Tierney wins face-off versus Sergey Kalinin in Sasquatch zone.
4:30 of 2nd period - Chris Tierney is hit by Martin Frk and loses puck.
4:53 of 2nd period - Wrist shot by Chris Tierney.
4:53 of 2nd period - Stopped by Corey Crawford with a rebound.
4:55 of 2nd period - Snap shot by Anton Lindholm.
4:55 of 2nd period - Stopped by Corey Crawford without a rebound.
4:56 of 2nd period - Devin Shore wins face-off versus Kyle Rau in Sasquatch zone.
5:07 of 2nd period - Backhand shot by Matt Halischuk.
5:07 of 2nd period - Stopped by Laurent Brossoit with a rebound.
5:09 of 2nd period - Wrist shot by Devin Shore.
5:09 of 2nd period - Stopped by Laurent Brossoit without a rebound.
5:10 of 2nd period - Devin Shore wins face-off versus Alexandre Grenier in Wolfes zone.
5:21 of 2nd period - Slapshot by Wes O'Neill.
5:21 of 2nd period - Stopped by Corey Crawford without a rebound.
5:22 of 2nd period - Devin Shore wins face-off versus Kyle Rau in Sasquatch zone.
5:52 of 2nd period - Teemu Hartikainen is hit by Blake Pietila and loses puck.
6:14 of 2nd period - Icing by Chris Tierney.
6:15 of 2nd period - Sergey Kalinin wins face-off versus Nicolas Deschamps in Wolfes zone.
6:16 of 2nd period - Slapshot by Jujhar Khaira.
6:16 of 2nd period - Shot Misses the Net.
6:36 of 2nd period - Minor Penalty to Brett Pesce for Hooking.
6:37 of 2nd period - Chris Tierney wins face-off versus Sergey Kalinin in Sasquatch zone.
6:38 of 2nd period - Wrist shot by Sergei Plotnikov.
6:38 of 2nd period - Shot Misses the Net.
7:04 of 2nd period - Patrick Wey is hit by Martin Hanzal and loses puck.
7:19 of 2nd period - Martin Marincin is hit by Jamie Oleksiak.
7:56 of 2nd period - Vladimir Zharkov is hit by Brock Trotter and loses puck.
8:17 of 2nd period - Teemu Hartikainen is hit by Martin Hanzal and loses puck.
8:36 of 2nd period - Penalty to Brett Pesce is over, Brett Pesce is back on ice.
8:40 of 2nd period - Icing by Jujhar Khaira.
8:41 of 2nd period - Matt Halischuk wins face-off versus Nicolas Deschamps in Sasquatch zone.
8:55 of 2nd period - Jujhar Khaira is hit by Jeffrey Foss.
9:20 of 2nd period - Snap shot by Brett Pesce.
9:20 of 2nd period - Stopped by Laurent Brossoit with a rebound.
9:38 of 2nd period - Snap shot by Brett Pesce.
9:38 of 2nd period - Shot Blocked by Wes O'Neill.
9:40 of 2nd period - Wrist shot by Matt Halischuk.
9:40 of 2nd period - Shot Misses the Net.
9:52 of 2nd period - Backhand shot by Brett Pesce.
9:52 of 2nd period - Stopped by Laurent Brossoit without a rebound.
9:53 of 2nd period - Martin Hanzal wins face-off versus Quinton Howden in Wolfes zone.
9:53 of 2nd period - Martin Hanzal is hit by Hudson Fasching.
10:02 of 2nd period - Minor Penalty to Martin Hanzal for Interference.
10:03 of 2nd period - Kyle Rau wins face-off versus Devin Shore in Wolfes zone.
10:43 of 2nd period - Jamie Oleksiak is hit by Sergey Kalinin.
10:55 of 2nd period - Jamie Oleksiak is hit by Jimmy Vesey and loses puck.
11:32 of 2nd period - Dmitri Orlov is hit by Kyle Rau and loses puck.
12:02 of 2nd period - Penalty to Martin Hanzal is over, Martin Hanzal is back on ice.
12:57 of 2nd period - Slapshot by Martin Marincin.
12:57 of 2nd period - Shot Misses the Net.
12:59 of 2nd period - Snap shot by Teemu Hartikainen.
12:59 of 2nd period - Shot Misses the Net.
14:07 of 2nd period - Slapshot by Benn Ferriero.
14:07 of 2nd period - Stopped by Corey Crawford without a rebound.
14:08 of 2nd period - Sergey Kalinin wins face-off versus Kyle Rau in Sasquatch zone.
14:15 of 2nd period - Slapshot by Michael Stone.
14:15 of 2nd period - Shot Blocked by Brett Pesce.
14:31 of 2nd period - Nicolas Deschamps is hit by Devin Shore and loses puck.
15:20 of 2nd period - Wrist shot by Quinton Howden.
15:20 of 2nd period - Deflect By Teemu Hartikainen.
15:20 of 2nd period - Stopped by Laurent Brossoit with a rebound.
15:30 of 2nd period - Chris Tierney is hit by Matt Halischuk and loses puck.
15:51 of 2nd period - Slapshot by Zachary Sanford.
15:51 of 2nd period - Stopped by Corey Crawford without a rebound.
15:52 of 2nd period - Devin Shore wins face-off versus Kyle Rau in Sasquatch zone.
15:52 of 2nd period - Devin Shore is hit by Zachary Sanford.
16:06 of 2nd period - Slapshot by Jimmy Vesey.
16:06 of 2nd period - Stopped by Laurent Brossoit with a rebound.
16:37 of 2nd period - Slapshot by Benn Ferriero.
16:37 of 2nd period - Shot Blocked by Ian Cole.
16:39 of 2nd period - Wrist shot by Benn Ferriero.
16:39 of 2nd period - Stopped by Corey Crawford without a rebound.
16:40 of 2nd period - Martin Hanzal wins face-off versus Quinton Howden in Sasquatch zone.
16:51 of 2nd period - Snap shot by Blake Pietila.
16:51 of 2nd period - Deflect By Martin Hanzal.
16:51 of 2nd period - Stopped by Corey Crawford with a rebound.
16:53 of 2nd period - Wrist shot by Joe Morrow.
16:53 of 2nd period - Deflect By Vladimir Zharkov.
16:53 of 2nd period - Shot Misses the Net.
16:53 of 2nd period - Puck is out of play.
16:54 of 2nd period - Devin Shore wins face-off versus Martin Hanzal in Sasquatch zone.
17:03 of 2nd period - Jimmy Vesey is hit by Blake Pietila.
17:21 of 2nd period - Alexandre Grenier is hit by Quinton Howden and loses puck.
17:48 of 2nd period - Slapshot by Brett Pesce.
17:48 of 2nd period - Stopped by Laurent Brossoit with a rebound.
18:12 of 2nd period - Snap shot by Brock Trotter.
18:12 of 2nd period - Shot Blocked by Zachary Sanford.
18:52 of 2nd period - Snap shot by Jimmy Vesey.
18:52 of 2nd period - Shot Misses the Net.
18:54 of 2nd period - Snap shot by Matt Halischuk.
18:54 of 2nd period - Shot Misses the Net.
19:33 of 2nd period - Minor Penalty to Dylan Sikura for Holding.
19:34 of 2nd period - Teemu Hartikainen wins face-off versus Chris Tierney in Sasquatch zone.
19:48 of 2nd period - Wrist shot by Chris Tierney.
19:48 of 2nd period - Stopped by Corey Crawford with a rebound.
19:50 of 2nd period - Slapshot by Jamie Oleksiak.
19:50 of 2nd period - Stopped by Corey Crawford without a rebound.
19:51 of 2nd period - Sergey Kalinin wins face-off versus Martin Hanzal in Sasquatch zone.
19:56 of 2nd period - Snap shot by Sergey Kalinin.
19:56 of 2nd period - Shot Blocked by Martin Hanzal.
Goals for this period are 1 for Wolfes vs 0 for Sasquatch.
Shots for this period are 13 for Wolfes vs 8 for Sasquatch.
3rd period
0:01 of 3rd period - Chris Tierney wins face-off versus Sergey Kalinin in neutral zone.
0:14 of 3rd period - Snap shot by Chris Tierney.
0:14 of 3rd period - Stopped by Corey Crawford without a rebound.
0:15 of 3rd period - Sergey Kalinin wins face-off versus Martin Hanzal in Sasquatch zone.
1:21 of 3rd period - Icing by Michael Stone.
1:22 of 3rd period - Devin Shore wins face-off versus Martin Hanzal in Wolfes zone.
1:33 of 3rd period - Penalty to Dylan Sikura is over, Dylan Sikura is back on ice.
1:49 of 3rd period - Snap shot by Zachary Sanford.
1:49 of 3rd period - Shot Blocked by Jimmy Vesey.
1:59 of 3rd period - Minor Penalty to Matt Halischuk for Roughing.
2:00 of 3rd period - Chris Tierney wins face-off versus Sergey Kalinin in Sasquatch zone.
2:15 of 3rd period - Backhand shot by Chris Tierney.
2:15 of 3rd period - Stopped by Corey Crawford without a rebound.
2:16 of 3rd period - Sergey Kalinin wins face-off versus Martin Hanzal in Sasquatch zone.
2:27 of 3rd period - Teemu Hartikainen is hit by Jamie Oleksiak and loses puck.
2:46 of 3rd period - Teemu Hartikainen is hit by Chris Tierney and loses puck.
3:27 of 3rd period - Sergey Kalinin is hit by Alexandre Grenier and loses puck.
3:59 of 3rd period - Penalty to Matt Halischuk is over, Matt Halischuk is back on ice.
4:15 of 3rd period - Icing by Joe Morrow.
4:16 of 3rd period - Quinton Howden wins face-off versus Chris Tierney in Wolfes zone.
4:17 of 3rd period - Wrist shot by Teemu Hartikainen.
4:17 of 3rd period - Deflect By Quinton Howden.
4:17 of 3rd period - Shot Misses the Net.
4:17 of 3rd period - Puck is out of play.
4:18 of 3rd period - Quinton Howden wins face-off versus Chris Tierney in Wolfes zone.
4:18 of 3rd period - Brett Pesce is hit by Anton Lindholm and loses puck.
4:21 of 3rd period - Slapshot by Hudson Fasching.
4:21 of 3rd period - Shot Misses the Net.
4:23 of 3rd period - Snap shot by Quinton Howden.
4:23 of 3rd period - Shot Misses the Net.
4:25 of 3rd period - Snap shot by Hudson Fasching.
4:25 of 3rd period - Shot Blocked by Anton Lindholm.
4:27 of 3rd period - Snap shot by Teemu Hartikainen.
4:27 of 3rd period - Shot Blocked by Joe Morrow.
4:29 of 3rd period - Snap shot by Teemu Hartikainen.
4:29 of 3rd period - Stopped by Laurent Brossoit without a rebound.
4:30 of 3rd period - Blake Pietila wins face-off versus Devin Shore in Wolfes zone.
4:32 of 3rd period - Minor Penalty to Jeffrey Foss for Hooking.
4:33 of 3rd period - Devin Shore wins face-off versus Martin Hanzal in Wolfes zone.
4:43 of 3rd period - Slapshot by Devin Shore.
4:43 of 3rd period - Stopped by Laurent Brossoit with a rebound.
4:45 of 3rd period - Snap shot by Devin Shore.
4:45 of 3rd period - Shot Blocked by Anton Lindholm.
4:47 of 3rd period - Slapshot by Ian Cole.
4:47 of 3rd period - Shot Blocked by Wes O'Neill.
4:49 of 3rd period - Snap shot by Matt Halischuk.
4:49 of 3rd period - Deflect By Wes O'Neill.
4:49 of 3rd period - Shot Blocked by Anton Lindholm.
4:49 of 3rd period - Puck is out of play.
4:50 of 3rd period - Martin Hanzal wins face-off versus T.J. Tynan in Wolfes zone.
6:32 of 3rd period - Penalty to Jeffrey Foss is over, Jeffrey Foss is back on ice.
7:15 of 3rd period - Dylan Sikura is hit by Jamie Oleksiak and loses puck.
7:28 of 3rd period - Wes O'Neill is hit by Teemu Hartikainen and loses puck.
7:39 of 3rd period - Chris Tierney is hit by Sergey Kalinin and loses puck.
9:13 of 3rd period - Slapshot by Joe Morrow.
9:13 of 3rd period - Shot Blocked by Nikita Nesterov.
9:15 of 3rd period - Minor Penalty to Nikita Nesterov for Hooking.
9:16 of 3rd period - Chris Tierney wins face-off versus Sergey Kalinin in Sasquatch zone.
9:29 of 3rd period - Snap shot by Chris Tierney.
9:29 of 3rd period - Stopped by Corey Crawford without a rebound.
9:30 of 3rd period - Martin Hanzal wins face-off versus Sergey Kalinin in Sasquatch zone.
9:41 of 3rd period - Slapshot by Jeffrey Foss.
9:41 of 3rd period - Shot Misses the Net.
9:55 of 3rd period - Patrick Wey is hit by Jeffrey Foss.
10:45 of 3rd period - Snap shot by Brock Trotter.
10:45 of 3rd period - Shot Misses the Net.
11:15 of 3rd period - Penalty to Nikita Nesterov is over, Nikita Nesterov is back on ice.
11:25 of 3rd period - Slapshot by Zachary Sanford.
11:25 of 3rd period - Stopped by Corey Crawford with a rebound.
11:27 of 3rd period - Snap shot by Zachary Sanford.
11:27 of 3rd period - Shot Misses the Net.
11:29 of 3rd period - Snap shot by Joe Morrow.
11:29 of 3rd period - Deflect By Benn Ferriero.
11:29 of 3rd period - Stopped by Corey Crawford with a rebound.
11:56 of 3rd period - Wrist shot by Sergey Kalinin.
11:56 of 3rd period - Stopped by Laurent Brossoit with a rebound.
12:12 of 3rd period - Wes O'Neill is hit by Ian Cole and loses puck.
12:50 of 3rd period - Backhand shot by Kyle Rau.
12:50 of 3rd period - Shot Blocked by Matt Halischuk.
12:52 of 3rd period - Wrist shot by Zachary Sanford.
12:52 of 3rd period - Stopped by Corey Crawford with a rebound.
12:54 of 3rd period - Snap shot by Zachary Sanford.
12:54 of 3rd period - Shot Misses the Net.
12:56 of 3rd period - Wrist shot by Anton Lindholm.
12:56 of 3rd period - Deflect By Zachary Sanford.
12:56 of 3rd period - Shot Misses the Net.
12:56 of 3rd period - Puck is out of play.
12:57 of 3rd period - Martin Hanzal wins face-off versus Quinton Howden in Sasquatch zone.
13:22 of 3rd period - Snap shot by Brock Trotter.
13:22 of 3rd period - Shot Blocked by Victor Olofsson.
13:24 of 3rd period - Slapshot by Brock Trotter.
13:24 of 3rd period - Stopped by Laurent Brossoit with a rebound.
13:59 of 3rd period - Dmitri Orlov is hit by Vladimir Zharkov and loses puck.
14:12 of 3rd period - Sergey Kalinin is hit by Anton Karlsson and loses puck.
15:29 of 3rd period - Brett Pesce is hit by Anton Lindholm.
15:59 of 3rd period - Wes O'Neill is hit by Quinton Howden.
16:03 of 3rd period - Nicolas Deschamps is hit by Quinton Howden and loses puck.
16:31 of 3rd period - Chris Tierney is hit by T.J. Tynan and loses puck.
16:52 of 3rd period - Jimmy Vesey is hit by Benn Ferriero and loses puck.
17:19 of 3rd period - Snap shot by Nicolas Deschamps.
17:19 of 3rd period - Shot Blocked by Dmitri Orlov.
17:29 of 3rd period - Snap shot by Martin Hanzal.
17:29 of 3rd period - Stopped by Corey Crawford with a rebound.
17:31 of 3rd period - Snap shot by Martin Hanzal.
17:31 of 3rd period - Goal by Martin Hanzal - Wolfes : 3 - Sasquatch : 1.
17:32 of 3rd period - Nicolas Deschamps wins face-off versus Quinton Howden in neutral zone.
18:01 of 3rd period - Backhand shot by Brock Trotter.
18:01 of 3rd period - Shot Blocked by Anton Karlsson.
18:03 of 3rd period - Snap shot by Martin Marincin.
18:03 of 3rd period - Deflect By T.J. Tynan.
18:03 of 3rd period - Deflect By Wes O'Neill.
18:03 of 3rd period - Shot Blocked by Anton Karlsson.
18:03 of 3rd period - Puck is out of play.
18:04 of 3rd period - T.J. Tynan wins face-off versus Kyle Rau in Wolfes zone.
18:13 of 3rd period - Slapshot by Brock Trotter.
18:13 of 3rd period - Stopped by Laurent Brossoit without a rebound.
18:14 of 3rd period - Quinton Howden wins face-off versus Kyle Rau in Wolfes zone.
18:15 of 3rd period - Wrist shot by Teemu Hartikainen.
18:15 of 3rd period - Shot Misses the Net.
18:41 of 3rd period - Wrist shot by Zachary Sanford.
18:41 of 3rd period - Stopped by Corey Crawford with a rebound.
18:43 of 3rd period - Snap shot by Kyle Rau.
18:43 of 3rd period - Shot Misses the Net.
18:52 of 3rd period - Minor Penalty to Jeffrey Foss for High sticking.
18:53 of 3rd period - Martin Hanzal wins face-off versus Devin Shore in Wolfes zone.
19:02 of 3rd period - Anton Lindholm is hit by Jimmy Vesey and loses puck.
19:35 of 3rd period - Snap shot by Ian Cole.
19:35 of 3rd period - Shot Blocked by Alexandre Grenier.
Goals for this period are 1 for Wolfes vs 0 for Sasquatch.
Shots for this period are 9 for Wolfes vs 5 for Sasquatch.
Back to the Top